 Dungeon Crawl Stone Soup version 0.15-a0-348-gfef1ba5 (webtiles) character file.

33271 4tharraofdagon the Arsonist (level 13, 0/86 HPs)
             Began as a Lava Orc Fire Elementalist on May 2, 2014.
             Was a Believer of Ashenzari.
             Killed by divine providence
             ... invoked by a smoke demon
              (11 damage)
             ... on Level 8 of the Lair of Beasts.
             The game lasted 01:07:44 (6900 turns).

4tharraofdagon the Arsonist (LOFE)                  Turns: 6900, Time: 01:07:44

HP   0/86        AC  9     Str 12      XL: 13   Next: 31%
MP  22/32        EV 10     Int 23      God: Ashenzari [**....]
Gold 794         SH  7     Dex 13      Spells:  6 memorised, 18 levels left

rFire  + + +     SeeInvis +     l - scroll of summoning
rCold  . . .     Clarity  +     H - +2 troll leather armour
rNeg   . . .     Conserve .     J - +0 buckler
rPois  .         rCorr    .     (no helmet)
rElec  .         rRot     .     p - +2 cloak
SustAb . .       Spirit   .     (no gloves)
rMut   .         Warding  .     (no boots)
Saprov + . .     Stasis   .     (no amulet)
MR     .....                    B - ring of protection from cold
                                O - +4 ring of intelligence

@: lethally poisoned, very slightly contaminated, weakened, not resistant to
hostile enchantments, unstealthy
A: see invisible, agile 1, clarity, conserve scrolls, saprovore 1
a: Renounce Religion


You were on level 8 of the Lair of Beasts.
You worshipped Ashenzari.
Ashenzari was pleased with you.
You were hungry.

You visited 3 branches of the dungeon, and saw 20 of its levels.
You also visited: Bailey and Volcano.

You collected 938 gold pieces.
You spent 144 gold pieces at shops.

Inventory:

Missiles
 m - 25 darts (quivered)
 n - a throwing net
Armour
 p - a +2 cloak (worn)
 H - a +2 troll leather armour (worn)
 J - a +0 buckler (worn)
Magical devices
 d - a wand of confusion (11)
 C - a wand of disintegration (14)
 E - a wand of polymorph (16)
Comestibles
 c - 5 meat rations
 h - 10 bread rations
Scrolls
 l - a scroll of summoning (in hand)
 z - 3 scrolls of enchant weapon II
 A - 3 scrolls of enchant weapon I
 D - 5 scrolls of remove curse
 K - 2 scrolls of identify
 N - a scroll of teleportation
Jewellery
 u - the ring "Grian" {SustAb +Rage +Inv MR+ Acc+4 Dam-2 Stlth-}
   (You found it on level 9 of the Dungeon)

   [ring of sustain abilities]

   It sustains your strength, intelligence and dexterity.
   It affects your accuracy with ranged weapons and melee attacks (+4).
   It affects your damage with ranged weapons and melee attacks (-2).
   It affects your resistance to hostile enchantments.
   It lets you turn invisible.
   It lets you go berserk.
   It makes you less stealthy.
 B - a ring of protection from cold (right hand)
 O - a +4 ring of intelligence (left hand)
Potions
 e - 3 potions of heal wounds
 i - 4 potions of haste {unknown}
 k - a potion of paralysis {unknown}
 q - a potion of confusion {unknown}
 t - 3 potions of resistance {unknown}
 v - 6 potions of curing
 w - 4 potions of berserk rage {unknown}
 x - 2 potions of might {unknown}
 I - 2 potions of lignification
 L - 2 potions of restore abilities {unknown}
Books
 b - a book of Flames

   Spells                             Type                      Level
   *Flame Tongue                      Conjuration/Fire             1
   Throw Flame                        Conjuration/Fire             2
   *Conjure Flame                     Conjuration/Fire             3
   Inner Flame                        Hexes/Fire                   3
   *Sticky Flame                      Conjuration/Fire             4
   *Fireball                          Conjuration/Fire             5
 f - a book of Flames

   Spells                             Type                      Level
   *Flame Tongue                      Conjuration/Fire             1
   Throw Flame                        Conjuration/Fire             2
   *Conjure Flame                     Conjuration/Fire             3
   Inner Flame                        Hexes/Fire                   3
   *Sticky Flame                      Conjuration/Fire             4
   *Fireball                          Conjuration/Fire             5
 j - a Necronomicon {highlevel}

   This book is beyond your current level of understanding.

   Spells                             Type                      Level
   Haunt                              Necromancy/Summoning         7
   Borgnjor's Revivification          Necromancy                   8
   Death's Door                       Charms/Necromancy            8
   Necromutation                      Transmutation/Necromancy     8
 y - the Papyrus of Quantum Clay
   (You found it on level 9 of the Dungeon)

   Spells                             Type                      Level
   *Blink                             Translocation                2
   Stoneskin                          Transmutation/Earth          2
   Recall                             Summoning/Translocation      3
   Leda's Liquefaction                Hexes/Earth                  4
   Iron Shot                          Conjuration/Earth            6
 M - a book of Necromancy

   Spells                             Type                      Level
   Pain                               Necromancy                   1
   *Animate Skeleton                  Necromancy                   1
   Vampiric Draining                  Necromancy                   3
   Regeneration                       Charms/Necromancy            3
   Animate Dead                       Necromancy                   4
   Control Undead                     Necromancy                   4
 Q - a book of Cantrips

   Spells                             Type                      Level
   Confusing Touch                    Hexes                        1
   *Animate Skeleton                  Necromancy                   1
   Summon Small Mammal                Summoning                    1
   Apportation                        Translocation                1
Magical staves
 s - an uncursed staff of fire
Miscellaneous
 G - a plain deck of wonders
 S - a plain deck of destruction


   Skills:
 - Level 1.5 Dodging
 - Level 1.5 Stealth
 * Level 11.4 Spellcasting
 - Level 12.2 Conjurations
 - Level 3.7 Necromancy
 - Level 14.4 Fire Magic


You had 18 spell levels left.
You knew the following spells:

 Your Spells              Type           Power        Failure   Level  Hunger
a - Flame Tongue          Conj/Fire      #####        1%          1    None
b - Conjure Flame         Conj/Fire      ########     1%          3    None
c - Sticky Flame          Conj/Fire      ########     1%          4    None
d - Fireball              Conj/Fire      ########..   1%          5    ###....
e - Blink                 Tloc           N/A          14%         2    None
f - Animate Skeleton      Necr           N/A          1%          1    None


Dungeon Overview and Level Annotations

Branches:
Dungeon (11/15)            Temple (1/1) D:7            Lair (8/8) D:10
  Snake (0/5) Lair:6
    Orc: D:9-12       Swamp: Lair:3-6    Shoals: Lair:3-6    Spider: Lair:3-6
  Slime: Lair:6-8

Altars:
Ashenzari
Cheibriados
Dithmenos
Fedhas
Kikubaaqudgha
Makhleb
Nemelex Xobeh
Okawaru
Sif Muna
Vehumet
Zin
The Shining One

Shops:
D:6 %   D:8 !

Portals:
Hell: Lair:8


Innate Abilities, Weirdness & Mutations

You have stony skin.
Your flesh is almost immune to the effects of heat.
Your fire spells are more powerful.
Your flesh is vulnerable to cold.
Your heat harms attackers.
You bathe your surroundings in blazing heat.
You are too hot to use scrolls.
You are very good at protecting items from fire.
You can tolerate rotten meat.
You have supernaturally acute eyesight.
You are agile. (Dex +2)
You possess an exceptional clarity of mind.


Message History

The orange demon stings you but does no damage.
The orange demon stings you from afar.
* * * LOW HITPOINT WARNING * * *
You are poisoned.
The orange demon poisons you!
You feel your attacks grow feeble.
Unknown command.
Unknown command.
Drink which item? (? for menu, Esc to quit)
Okay, then.
You feel sick.
Unknown command.
Unknown command.
Unknown command.
Drink which item? (? for menu, Esc to quit)
Okay, then.
You feel sick. The smoke demon gestures at you. Something smites you!
You die...

....#,,,8,,,,8,,,,*≈≈
8...+,,,,,,,,,,,,,*≈≈
.8..###############≈≈
8...#........§≈≈≈≈≈≈≈
.8..#......4...≈≈§≈≈≈
8).4'...._4..444≈≈≈≈≈
.8..#....43444≈≈≈≈≈≈≈
....#.....≈≈4≈§≈4≈≈≈≈
########§≈≈4≈§§§@§§≈≈
*≈≈≈≈≈≈≈≈≈§≈≈§§§§≈§≈
*≈≈≈≈≈≈≈≈≈≈≈≈≈≈≈≈≈≈≈


You could see 5 orange demons, a hellwing, a sixfirhy, a smoke demon, 3 blue
devils and a red devil.

Vanquished Creatures
  Fannar (Lair:3)
  6 hydras
  5 death yaks
  An unseen horror (D:10)
  2 wizards
  A hill giant (D:10)
  4 orc knights (Bailey)
  8 elephants
  2 black mambas
  A gargoyle (D:10)
  9 spiny frogs
  A fire drake (Lair:8)
  2 komodo dragons
  2 trolls (D:9)
  A polar bear (Lair:8)
  A boulder beetle (Lair:8)
  A wyvern (Lair:8)
  2 sharks (Lair:6)
  6 hippogriffs
  2 vampire mosquitoes (D:9)
  4 nagas (Lair:6)
  A deep elf fighter (D:10)
  5 water moccasins
  25 yaks
  16 orc warriors
  A swamp drake (Lair:6)
  4 ogres
  2 ice beasts
  4 porcupines
  2 black bears
  A yellow wasp (D:11)
  5 centaurs
  A big kobold (D:9)
  A giant slug (Lair:8)
  6 crocodiles
  10 giant frogs
  A cyclops zombie (D:9)
  A gnoll sergeant (D:5)
  6 scorpions
  7 killer bees
  2 electric eels (Lair:6)
  A goliath beetle (D:9)
  6 hounds
  5 jellies
  An orc priest (D:6)
  2 orc wizards
  A two-headed ogre skeleton (D:9)
  9 worker ants
  6 big fish
  4 iguanas
  7 sheep
  A big kobold skeleton (D:9)
  A mummy (D:5)
  An ogre skeleton (D:4)
  2 gnolls
  15 adders
  47 green rats
  An inept item mimic (D:2)
  3 shadow imps
  An inept feature mimic (D:9)
  5 worms
  An adder skeleton (D:4)
  A giant eyeball (D:9)
  5 giant geckos
  36 orcs
  23 bats
  A bat skeleton (D:4)
  2 giant cockroaches
  5 goblins
  8 hobgoblins
  13 jackals
  12 kobolds
  5 quokkas
  A ball python skeleton (D:4)
  2 giant newts
  A hobgoblin zombie (D:5)
  2 kobold zombies (D:5)
  2 orc zombies
  A quokka skeleton (D:9)
  22 rats
  A bush (Lair:5)
426 creatures vanquished.

Vanquished Creatures (collateral kills)
  7 orcs (Bailey)
7 creatures vanquished.

Vanquished Creatures (others)
  An elf skeleton (Lair:3)
  An orc (Bailey)
  3 fungi
  A plant (Lair:8)
6 creatures vanquished.

Grand Total: 439 creatures vanquished

Notes
Turn   | Place    | Note
--------------------------------------------------------------
     0 | D:1      | 4tharraofdagon, the Lava Orc Fire Elementalist, began the quest for the Orb.
     0 | D:1      | Reached XP level 1. HP: 14/14 MP: 2/2
     7 | D:1      | You fall through a shaft!
     8 | D:2      | Noticed a big fish
    11 | D:2      | Noticed a big fish
    12 | D:2      | Noticed a big fish
    12 | D:2      | Noticed a big fish
    28 | D:2      | Noticed a big fish
    37 | D:2      | Killed a big fish
    37 | D:2      | Reached skill level 4 in Fire Magic
    37 | D:2      | Reached XP level 2. HP: 20/20 MP: 1/3
    38 | D:2      | Reached XP level 3. HP: 26/26 MP: 1/5
    42 | D:2      | Killed a big fish
    49 | D:2      | Killed a big fish
    49 | D:2      | Reached XP level 4. HP: 21/33 MP: 0/7
    57 | D:2      | Killed a big fish
    57 | D:2      | Reached skill level 5 in Fire Magic
    59 | D:2      | Killed a big fish
    59 | D:2      | Reached XP level 5. HP: 21/38 MP: 0/9
    81 | D:1      | Learned a level 3 spell: Conjure Flame
    86 | D:1      | Learned a level 4 spell: Sticky Flame
   218 | D:4      | Noticed an ogre
   229 | D:4      | Killed an ogre
   258 | D:3      | Reached skill level 6 in Fire Magic
   258 | D:3      | Reached XP level 6. HP: 42/45 MP: 3/11
   757 | D:5      | Entered Level 5 of the Dungeon
   922 | D:4      | Noticed a phantom
  1057 | D:5      | Reached XP level 7. HP: 28/50 MP: 1/13
  1119 | D:5      | Reached skill level 7 in Fire Magic
  1171 | D:5      | Reached skill level 5 in Conjurations
  1175 | D:5      | Gained mutation: You possess an exceptional clarity of mind. [potion of beneficial mutation]
  1464 | D:5      | Reached skill level 8 in Fire Magic
  1464 | D:5      | Reached XP level 8. HP: 19/57 MP: 0/16
  1592 | D:5      | Gained mutation: You have supernaturally acute eyesight. [potion of beneficial mutation]
  1671 | D:6      | Found a sparkling altar of Nemelex Xobeh.
  1703 | D:6      | Reached skill level 9 in Fire Magic
  1717 | D:6      | Found Gata's Food Emporium.
  1756 | D:6      | Found a shattered altar of Ashenzari.
  1844 | D:6      | Learned a level 5 spell: Fireball
  1960 | D:7      | Found a deep blue altar of Sif Muna.
  2009 | D:7      | Reached XP level 9. HP: 31/62 MP: 0/20
  2088 | D:7      | Found a staircase to the Ecumenical Temple.
  2097 | Temple   | Entered the Ecumenical Temple
  2140 | Temple   | WTF
  2281 | D:6      | Became a worshipper of Ashenzari the Shackled
  2419 | D:8      | Found a blossoming altar of Fedhas.
  2422 | D:8      | Found a radiant altar of Vehumet.
  2424 | D:8      | Found a snail-covered altar of Cheibriados.
  2426 | D:8      | OFCOURSE
  2497 | D:9      | Identified the ring "Grian" {SustAb +Rage +Inv MR+ Acc+4 Dam-2 Stlth-}
  2506 | D:9      | Got the uncursed pair of boots "Izukk" {Str+1 Int-1 Dam+4}
  2514 | D:9      | Found a flagged portal.
  2533 | D:9      | Reached skill level 10 in Fire Magic
  2547 | D:8      | Found Fuloj's Distillery.
  2550 | D:8      | Bought a potion of curing for 24 gold pieces
  2550 | D:8      | Bought 2 potions of curing for 48 gold pieces
  2550 | D:8      | Bought a potion of heal wounds for 36 gold pieces
  2550 | D:8      | Bought a potion of heal wounds for 36 gold pieces
  2619 | Bailey   | Entered a bailey
  2756 | Bailey   | Reached skill level 11 in Fire Magic
  2872 | Bailey   | Gained mutation: You are agile. (Dex +2) [potion of beneficial mutation]
  2876 | Bailey   | Noticed an orc knight
  2901 | Bailey   | Reached skill level 5 in Spellcasting
  2903 | Bailey   | Killed an orc knight
  2903 | Bailey   | Reached XP level 10. HP: 57/69 MP: 3/22
  2937 | Bailey   | Noticed an orc knight
  2937 | Bailey   | Noticed an orc knight
  2967 | Bailey   | Killed an orc knight
  2969 | Bailey   | Killed an orc knight
  2969 | Bailey   | Reached skill level 12 in Fire Magic
  3016 | Bailey   | Noticed an orc knight
  3028 | Bailey   | Killed an orc knight
  3028 | Bailey   | Reached skill level 10 in Conjurations
  3264 | D:9      | Noticed a wizard
  3265 | D:9      | Found a blossoming altar of Fedhas.
  3269 | D:9      | Killed a wizard
  3307 | D:9      | Noticed a five-headed hydra
  3321 | D:9      | HP: 1/69 [five-headed hydra (13)]
  3327 | D:9      | Killed a five-headed hydra
  3388 | D:9      | Reached XP level 11. HP: 40/74 MP: 0/24
  3407 | D:9      | Reached skill level 13 in Fire Magic
  3407 | D:9      | HP: 3/74 [cyclops zombie (27)]
  3576 | D:9      | Paralysed by a giant eyeball for 2 turns
  3581 | D:9      | Paralysed by a giant eyeball for 4 turns
  3778 | D:9      | Identified the Papyrus of Quantum Clay
  3814 | D:9      | Learned a level 2 spell: Blink
  3866 | D:10     | Entered Level 10 of the Dungeon
  3880 | D:10     | Noticed an unseen horror
  3889 | D:10     | Killed an unseen horror
  4352 | D:10     | Noticed a hill giant
  4365 | D:10     | Killed a hill giant
  4396 | D:10     | Found a staircase to the Lair.
  4412 | Lair:1   | Entered Level 1 of the Lair of Beasts
  4484 | Lair:1   | Learned a level 1 spell: Animate Skeleton
  4542 | Lair:1   | Reached skill level 1 in Necromancy
  4685 | Lair:2   | Acquired Ashenzari's first power
  4865 | Lair:3   | Reached skill level 14 in Fire Magic
  4872 | Lair:3   | Noticed a seven-headed hydra
  4897 | Lair:3   | Killed a seven-headed hydra
  4942 | Lair:3   | Noticed an eight-headed hydra
  4961 | Lair:3   | Killed an eight-headed hydra
  5161 | Lair:3   | Noticed Fannar
  5168 | Lair:3   | Killed Fannar
  5168 | Lair:3   | Reached XP level 12. HP: 42/81 MP: 6/26
  5236 | Lair:3   | Noticed a lindwurm
  5240 | Lair:3   | Found a dark tunnel.
  5250 | Volcano  | Entered a volcano
  5285 | Lair:3   | Your ally Fannar died
  5679 | Lair:5   | DIE
  5941 | Lair:6   | Found a staircase to the Snake Pit.
  6150 | Lair:6   | Reached skill level 10 in Spellcasting
  6194 | Lair:6   | Noticed a six-headed hydra
  6209 | Lair:6   | Killed a six-headed hydra
  6423 | Lair:8   | Entered Level 8 of the Lair of Beasts
  6438 | Lair:8   | Reached XP level 13. HP: 49/86 MP: 4/31
  6631 | Lair:8   | Noticed a four-headed hydra
  6642 | Lair:8   | Killed a four-headed hydra
  6794 | Lair:8   | Noticed an eight-headed hydra
  6814 | Lair:8   | Killed an eight-headed hydra
  6886 | Lair:8   | Found a burning altar of Makhleb.
  6895 | Lair:8   | Found a gateway to Hell.
  6900 | Lair:8   | Killed from afar by a smoke demon

Action                   |  1- 3 |  4- 6 |  7- 9 | 10-12 | 13-15 || total
-------------------------+-------+-------+-------+-------+-------++-------
Melee: Unarmed           |     7 |    45 |       |       |       ||    52
       Whip              |       |    56 |       |       |       ||    56
       Staff             |       |       |    88 |   252 |    26 ||   366
Throw: Javelin           |       |     3 |     3 |       |       ||     6
 Cast: Flame Tongue      |     3 |    72 |    46 |    72 |     7 ||   200
       Conjure Flame     |       |     2 |     3 |    27 |     7 ||    39
       Sticky Flame      |       |     7 |    33 |    78 |    12 ||   130
       Fireball          |       |       |     8 |    39 |     5 ||    52
       Blink             |       |       |       |     1 |       ||     1
       Animate Skeleton  |       |       |       |     1 |       ||     1
Evoke: Wand              |       |       |       |     3 |     1 ||     4
  Use: Scroll            |       |     3 |    12 |     8 |     3 ||    26
       Potion            |       |       |     9 |     5 |     2 ||    16
